 Dungeon Crawl Stone Soup version 0.24-a0-434-gd57e52fea8 (webtiles) character file.

Game seed: 10147360504133169347

9255 Krouwed the Placeless Halfling (level 11, -9/71 (72) HPs)
             Began as a Halfling Warper on June 16, 2019.
             Was an Elder of Okawaru.
             Hit by a boomerang thrown by an orc warrior (16 damage)
             ... on level 1 of the Orcish Mines on June 17, 2019.
             The game lasted 01:31:23 (10606 turns).

Krouwed the Placeless Halfling (Halfling Warper)   Turns: 10606, Time: 01:31:24

HP:   -9/71 (72)    AC: 15    Str: 13    XL:     11   Next: 71%
MP:   15/18         EV: 23    Int: 17    God:    Okawaru [****..]
Gold: 400           SH:  0    Dex: 19    Spells: 12/20 levels left

rFire    . . .     SeeInvis .   a - +7 falchion of Ebruen {pain, rPois MR+ Int+4 Dex+4}
rCold    + . .     Gourm    .   (shield restricted)
rNeg     . . .     Faith    .   q - +3 leather armour
rPois    +         Spirit   .   (no helmet)
rElec    .         Reflect  .   E - +2 cloak
rCorr    .         Harm     .   (no gloves)
MR       +....                  (no boots)
Stlth    +++.......             c - amulet of regeneration
HPRegen  0.61/turn              s - +5 ring of protection
MPRegen  0.16/turn              D - ring of protection from cold

@: heroism
A: small, claws 1, mutation resistance 1
a: Heroism, Renounce Religion


You were on level 1 of the Orcish Mines.
You worshipped Okawaru.
Okawaru was greatly pleased with you.
You were not hungry.

You visited 3 branches of the dungeon, and saw 11 of its levels.

You collected 431 gold pieces.
You spent 31 gold pieces at shops.

Inventory:

Hand Weapons
 a - the +7 falchion of Ebruen (weapon) {pain, rPois MR+ Int+4 Dex+4}
   (You found it on level 9 of the Dungeon)

   In the hands of one skilled in necromantic magic, it inflicts extra damage on
   living creatures.
   It affects your intelligence (+4).
   It affects your dexterity (+4).
   It protects you from poison.
   It affects your resistance to hostile enchantments.
 b - a +0 hunting sling
 v - a +0 dagger of venom
Missiles
 e - 5 boomerangs of dispersal
 h - 63 sling bullets
 l - 265 stones
 w - 2 boomerangs
 F - 39 poisoned darts (quivered)
Armour
 q - a +3 leather armour (worn)
 C - the cursed +0 leather armour of Mixtiorgh {MP+9 Int+4 Dex+3}
   (You found it on level 5 of the Dungeon)

   It affects your intelligence (+4).
   It affects your dexterity (+3).
   It affects your magic capacity (+9).
   It has a curse placed upon it.
 E - a +2 cloak (worn)
 M - a +3 leather armour of poison resistance
 P - a +0 cloak of invisibility
Jewellery
 c - an amulet of regeneration (around neck)
 j - an uncursed ring of fire
 s - a +5 ring of protection (left claw)
 x - a +2 amulet of reflection {unknown}
 D - a ring of protection from cold (right claw)
 K - a cursed -3 ring of intelligence {unknown}
Wands
 t - a wand of iceblast (11)
 y - a wand of digging (5)
 H - a wand of acid (3)
Scrolls
 d - 3 scrolls of blinking
 g - 2 scrolls of magic mapping {unknown}
 k - 5 scrolls of enchant armour
 n - 2 scrolls of random uselessness
 p - a scroll of fog {unknown}
 r - 2 scrolls of remove curse
 u - a scroll of amnesia {unknown}
 G - a scroll of teleportation {unknown}
 I - 2 scrolls of brand weapon {unknown}
Potions
 i - a potion of brilliance
 o - a potion of degeneration
 z - 2 potions of might {unknown}
 A - 4 potions of curing
 B - a potion of ambrosia {unknown}
 J - 2 potions of heal wounds {unknown}
 L - a potion of haste
 Q - a potion of invisibility {unknown}
Miscellaneous
 N - a phantom mirror
Comestibles
 f - 17 rations
 m - 4 chunks of flesh


   Skills:
 + Level 6.1(11.1) Fighting
 - Level 7.1(12.9) Short Blades
 + Level 4.2(10.7) Long Blades
 - Level 9.9(15.0) Slings
 - Level 1.0(9.4) Throwing
 + Level 5.2(10.2) Armour
 + Level 5.2(10.2) Dodging
 - Level 5.0 Spellcasting
 - Level 3.0 Charms
 - Level 10.0 Translocations
 - Level 2.0 Invocations


You had 12 spell levels left.
You knew the following spells:

 Your Spells              Type           Power        Failure   Level  Hunger
a - Blink                 Tloc           N/A          1%          2    #......
b - Shroud of Golubria    Chrm/Tloc      ####..       1%          2    #......
c - Passage of Golubria   Tloc           N/A          2%          4    ####...

Your spell library contained the following spells:

 Spells                   Type           Power        Failure   Level  Hunger
 Gell's Gravitas          Tloc           #####.....   1%          3    ###....
 Lesser Beckoning         Tloc           #####.....   1%          3    ###....
 Teleport Other           Tloc           #####...     1%          3    ###....


Dungeon Overview and Level Annotations

Branches:
Dungeon (9/15)             Temple (1/1) D:5             Orc (1/2) D:9
   Lair: D:8-11

Altars:
Ashenzari
Cheibriados
Dithmenos
Elyvilon
Fedhas
Gozag
Hepliaklqana
Kikubaaqudgha
Makhleb
Nemelex Xobeh
Okawaru
Qazlal
Ru
Sif Muna
Trog
Uskayaw
Vehumet
Wu Jian
Xom
Yredelemnul
Zin
The Shining One

Shops:
D:5 *(


Innate Abilities, Weirdness & Mutations

You are small and have problems with some larger weapons.
You are somewhat resistant to further mutation.
You have sharp fingernails.


Message History

The orc warlord barely misses you.
You hit the orc warlord.
You claw the orc warlord, but do no damage.
The orc warlord is lightly wounded.
You hit the orc warlord.
The orc warlord is lightly wounded.
The orc warlord hits you with a +0 glaive!
You hit the orc warlord.
The orc warlord is lightly wounded.
The orc warlord hits you with a +0 glaive!!
* * * LOW HITPOINT WARNING * * *
Some of the chunks of flesh in your inventory have rotted away.
The orc warrior throws a boomerang.
The boomerang hits you!
* * * LOW HITPOINT WARNING * * *
The weapon returns to the orc warrior!
There is a staircase back to the Dungeon, spattered with blood here.
The orc warlord hits you from afar with a +0 glaive.
* * * LOW HITPOINT WARNING * * *
The orc warrior throws a boomerang.
The boomerang hits you!
You die...

#.......##.......###
##..............##
##.............#
##...........##
##.........##
###.........##
##.#..[.......#
##......).....##
##.....@[.##....####
#.........#.#......###
..#.....o####........#
###.....###......##.##
#......#.##.....#.##
##.....o..#.....###
##.............#
#####......>..####
##.#####.......#


You could see an orc warlord and an orc warrior.

Vanquished Creatures
  A two-headed ogre (D:8)
  Joseph (D:7)
  2 trolls (D:9)
  2 hippogriffs (D:7)
  4 hogs (D:7)
  A hungry ghost (D:9)
  A human (D:7)
  Eustachio (D:5)
  A steam dragon (D:9)
  Menkaure (D:4)
  2 sky beasts
  An ice beast (D:9)
  13 orc warriors
  2 black bears
  2 necrophages
  10 ogres
  4 centaurs
  A big kobold (D:9)
  3 bullfrogs
  A gnoll sergeant (D:6)
  2 scorpions
  21 killer bees
  4 howler monkeys
  9 wights
  4 crimson imps
  2 bullfrog zombies
  A centaur skeleton (D:5)
  A jelly (D:8)
  7 orc priests
  5 hounds
  Ijyb (D:3)
  Terence (D:3)
  2 iguanas
  7 orc wizards
  7 worker ants
  A killer bee zombie (D:7)
  A worker ant zombie (D:5)
  10 gnolls
  12 adders
  3 adder skeletons
  A dart slug (D:3)
  7 leopard geckos
  35 orcs
  9 bats
  3 giant cockroaches
  11 goblins
  7 hobgoblins
  5 jackals
  11 kobolds
  6 quokkas
  A ball python (D:1)
  A frilled lizard (D:2)
  A jackal zombie (D:5)
  5 rats
258 creatures vanquished.

Vanquished Creatures (others)
  A ball python (D:2)
1 creature vanquished.

Grand Total: 259 creatures vanquished

Notes
Turn   | Place    | Note
-------+----------+-------------------------------------------
     0 | D:1      | Krouwed the Halfling Warper began the quest for the Orb.
     0 | D:1      | Reached XP level 1. HP: 14/14 MP: 3/3
   262 | D:1      | Reached XP level 2. HP: 19/19 MP: 4/4
   266 | D:1      | Learned a level 2 spell: Blink
   269 | D:1      | Learned a level 2 spell: Shroud of Golubria
  1011 | D:2      | Reached XP level 3. HP: 14/24 MP: 2/5
  1300 | D:2      | Found a basalt altar of Yredelemnul.
  1303 | D:2      | Noticed a profane servitor
  1316 | D:2      | Found a glowing golden altar of the Shining One.
  1318 | D:2      | Noticed an angel
  1490 | D:2      | Found a white marble altar of Elyvilon.
  1540 | D:2      | Reached skill level 1 in Charms
  1540 | D:2      | Reached XP level 4. HP: 23/29 MP: 1/7
  2261 | D:3      | Noticed a centaur
  2305 | D:3      | Killed a centaur
  2305 | D:3      | Reached XP level 5. HP: 27/34 MP: 5/8
  2352 | D:3      | Reached skill level 4 in Translocations
  2356 | D:3      | Noticed Terence
  2377 | D:3      | Killed Terence
  2615 | D:3      | Reached XP level 6. HP: 39/39 MP: 7/9
  2630 | D:3      | Found a snail-covered altar of Cheibriados.
  2658 | D:3      | Found an ornate altar of the Wu Jian Council.
  2695 | D:3      | Noticed Ijyb
  2717 | D:3      | Killed Ijyb
  2862 | D:3      | Found a sparkling altar of Nemelex Xobeh.
  3284 | D:4      | Found a blossoming altar of Fedhas.
  3347 | D:4      | Reached XP level 7. HP: 41/44 MP: 9/11
  3413 | D:4      | Noticed Menkaure
  3438 | D:4      | Gained mutation: You have sharp fingernails. [potion of
                  | mutation]
  3448 | D:4      | Killed Menkaure
  3737 | D:4      | Reached skill level 5 in Translocations
  3880 | D:4      | Reached skill level 5 in Short Blades
  3976 | D:4      | Found a radiant altar of Vehumet.
  4272 | D:5      | Entered Level 5 of the Dungeon
  4279 | D:5      | Noticed Eustachio
  4334 | D:5      | Found Nemut's Assorted Antiques.
  4336 | D:5      | Got a smoking leather armour
  4337 | D:5      | Identified the cursed +0 leather armour of Mixtiorgh {MP+9
                  | Int+4 Dex+3} (You found it on level 5 of the Dungeon)
  4450 | D:5      | Reached XP level 8. HP: 46/49 MP: 9/12
  4479 | D:5      | Found a hide-covered altar of Uskayaw.
  4765 | D:4      | HP: 2/49 [poisoned by an orc wizard]
  5020 | D:5      | Killed Eustachio
  5104 | D:5      | Reached skill level 6 in Translocations
  5149 | D:5      | Found Donilauz's Antique Weapon Shop.
  5154 | D:5      | Bought a hunting sling for 31 gold pieces
  5281 | D:5      | Found a staircase to the Ecumenical Temple.
  5303 | Temple   | Entered the Ecumenical Temple
  5346 | Temple   | Became a worshipper of Warmaster Okawaru
  5653 | D:6      | Reached skill level 5 in Armour
  5659 | D:6      | Learned a level 4 spell: Passage of Golubria
  5682 | D:6      | Reached skill level 1 in Slings
  5703 | D:6      | Reached XP level 9. HP: 41/54 MP: 15/15
  6314 | D:6      | Reached * piety under Okawaru
  6778 | D:7      | Reached skill level 7 in Translocations
  6778 | D:7      | Reached skill level 1 in Invocations
  7024 | D:7      | Reached ** piety under Okawaru
  7038 | D:7      | Noticed Joseph
  7065 | D:7      | Killed Joseph
  7065 | D:7      | Reached skill level 5 in Slings
  7065 | D:7      | Reached XP level 10. HP: 14/60 MP: 12/17
  7205 | D:7      | Reached skill level 5 in Spellcasting
  7620 | D:7      | Reached skill level 5 in Dodging
  7638 | D:7      | Reached skill level 8 in Translocations
  7654 | D:7      | Reached *** piety under Okawaru
  8061 | D:7      | Received a gift from Okawaru
  8158 | D:8      | Found a shimmering altar of Xom.
  8377 | D:8      | Reached skill level 9 in Translocations
  8489 | D:8      | Received a gift from Okawaru
  8489 | D:8      | Reached skill level 1 in Long Blades
  8544 | D:8      | Reached **** piety under Okawaru
  8544 | D:8      | Reached XP level 11. HP: 69/69 MP: 18/18
  8590 | D:8      | Noticed a two-headed ogre
  8614 | D:8      | Killed a two-headed ogre
  8614 | D:8      | Reached skill level 5 in Fighting
  8933 | D:9      | Got a steaming falchion
  8934 | D:9      | Identified the +7 falchion of Ebruen {pain, rPois MR+ Int+4
                  | Dex+4} (You found it on level 9 of the Dungeon)
  9007 | D:9      | Found a sacrificial altar of Ru.
  9053 | D:9      | Found a shadowy altar of Dithmenos.
  9113 | D:9      | Found a deep blue altar of Sif Muna.
  9668 | D:9      | Found a staircase to the Orcish Mines.
 10036 | Orc:1    | Entered Level 1 of the Orcish Mines
 10246 | Orc:1    | Reached skill level 10 in Translocations
 10273 | Orc:1    | Noticed an orc warlord
 10539 | D:9      | Received a gift from Okawaru
 10606 | Orc:1    | Hit by a boomerang thrown by an orc warrior

Levels and vault maps discovered:
D:1:      wander_arrival_peaceful_grave, layout_loops_cross, corner_web_ring,
          serial_bayou_pond_b
D:2:      layout_basic, grunt_temple_overflow_holy_war, elyvilon_altar_4,
          first_ration, grunt_ministairs_13
D:3:      minmay_skewed_foursquare, layout_basic,
          nicolae_overflow_hidden_temple, cheibriados_altar_1,
          old_standard_altar, uniq_terence, uniq_ijyb
D:4:      layout_basic, fedhas_bush_and_centaur_altar, old_standard_altar,
          minmay_checkerbox, uniq_menkaure
D:5:      layout_basic, eat_drink_and_be_merry_uskayaw,
          minmay_temple_entry_enclosed_plants, serial_shops, shop, shop,
          uniq_eustachio
D:6:      layout_rooms, serial_corexii_hall, chequers_hall_statues_corner_a,
          corexii_hall_statues_x
D:7:      minmay_chambers_of_fours, layout_basic,
          chequers_serial_rivers_large_b, grunt_livestock, uniq_joseph
D:8:      layout_loops_ring, lemuel_doored_altar
D:9:      layout_basic, lemuel_round_altar, kennysheep_mini,
          nicolae_ru_awakened_eye, erik_orc_3
Temple:   nicolae_temple_figure_zero
Orc:1:    orc_temple, layout_diamond_mine, uniq_jorgrun

Skill      XL: |  1  2  3  4  5  6  7  8  9 10 11 |
---------------+----------------------------------+-----
Short Blades   | 3 4 5 6 7 |  7.1
Spellcasting   | 2 3 4 5 |  5.0
Charms         | 1 2 3 |  3.0
Dodging        | 3 4 5 |  5.2
Translocations | 4 5 6 7 9 10 | 10.0
Armour         | 2 3 5 |  5.2
Slings         | 1 5 8 9 |  9.9
Invocations    | 2 |  2.0
Fighting       | 2 4 6 |  6.1
Long Blades    | 1 4 |  4.2
Throwing       | |  1.0

Action                   |  1- 3 |  4- 6 |  7- 9 | 10-12 || total
-------------------------+-------+-------+-------+-------++-------
Melee: Dagger            |   152 |   137 |   433 |   287 ||  1009
       Short sword       |    12 |    51 |   236 |    47 ||   346
       Scimitar          |       |       |       |    62 ||    62
       Punch             |       |       |       |     4 ||     4
       Falchion          |       |       |       |   263 ||   263
 Fire: Hunting sling     |       |       |    11 |    11 ||    22
Throw: Dart              |     3 |    44 |    63 |    28 ||   138
 Cast: Shroud of Golubri |     6 |    13 |    26 |    38 ||    83
       Blink             |     1 |     1 |     7 |    24 ||    33
Invok: Heroism           |       |       |       |    13 ||    13
Evoke: Wand              |       |       |     6 |    15 ||    21
  Use: Scroll            |     4 |     2 |     4 |     3 ||    13
       Potion            |       |       |     6 |       ||     6
 Stab: Sleeping          |     1 |       |       |       ||     1
  Eat: Chunk             |     3 |     7 |    14 |    16 ||    40
Armor: Leather armour    |    42 |    56 |   186 |   193 ||   477
Dodge: Dodged            |   122 |   147 |   324 |   629 ||  1222
       Rpst.: Scimitar   |       |       |       |    10 ||    10
       Falchion          |       |       |       |    97 ||    97

Table legend:
 A = Non-vault XP
 B = Vault XP
 C = Vault XP percentage of total XP
 D = Non-vault monster count
 E = Vault monster count
 F = Vault count percentage of total count
                 A         B        C        D         E       F
            +---------+---------+-------+---------+---------+-------
      Total |    9519 |    3703 |  28.0 |     207 |      51 |  19.8
            +---------+---------+-------+---------+---------+-------
        D:1 |      18 |      19 |  51.4 |      11 |       4 |  26.7
        D:2 |      51 |       4 |   7.3 |      16 |       2 |  11.1
        D:3 |     200 |      85 |  29.8 |      15 |       7 |  31.8
        D:4 |     218 |     492 |  69.3 |       7 |       6 |  46.2
        D:5 |     603 |     188 |  23.8 |      23 |       1 |   4.2
        D:6 |     979 |       0 |   0.0 |      30 |       0 |   0.0
        D:7 |    1569 |    1701 |  52.0 |      28 |      12 |  30.0
        D:8 |    2743 |     133 |   4.6 |      30 |       1 |   3.2
        D:9 |    2739 |     957 |  25.9 |      38 |      17 |  30.9
      Orc:1 |     399 |     124 |  23.7 |       9 |       1 |  10.0
            +---------+---------+-------+---------+---------+-------
